 Dungeon Crawl Stone Soup version 0.29-a0-559-g359e09b9d1 (webtiles) character file.

Game seed: 7050868306708373800

646 spaghetti the Spear-Bearer (level 7, -5/76 HPs)
             Began as a Gnoll Wanderer on June 10, 2022.
             Slain by a vampire (10 damage)
             ... on level 5 of the Dungeon.
             The game lasted 00:06:38 (4814 turns).

spaghetti the Spear-Bearer (Gnoll Wanderer)         Turns: 4814, Time: 00:06:39

Health: -5/76      AC: 23    Str: 13 (16) XL:     7   Next: 52%
Magic:  10/10      EV:  2    Int: 10 (11) God:
Gold:   115        SH:  0    Dex:  8 (9)  Spells: 11/11 levels left

rFire   . . .      SeeInvis .   a - +3 spear (vamp) {polearm}
rCold   . . .      Faith    .   n - +0 buckler
rNeg    . . .      Spirit   .   (body armour currently unavailable)
rPois   +          Reflect  .   (helmet currently unavailable)
rElec   .          Harm     .   (cloak currently unavailable)
rCorr   .          Rampage  .   (gloves currently unavailable)
Will    .....      NoTele   +   (boots currently unavailable)
Stlth   +.........              (no amulet)
HPRegen 0.22/turn               (no ring)
MPRegen 0.12/turn               (no ring)

@: confused, tree-form, on berserk cooldown, attractive, slowed, very slow
A: stationary, stasis, torment immunity, boosted hp, (fangs 1), strong nose,
distributed training
a: no special abilities


You were on level 5 of the Dungeon.
You were a tree.
You visited 1 branch of the dungeon, and saw 5 of its levels.

You collected 115 gold pieces.


Innate Abilities, Weirdness & Mutations

You are a tree.
Your roots penetrate the ground, keeping you stationary.
You cannot be teleported.
You are immune to unholy pain and torment.
Your maximum health is greatly increased.
Your equipment is partially melded.
((You have very sharp teeth.))
Your uncanny sense of smell can sniff out nearby items.
Your experience applies equally to all skills.


   Skills:
 + Level 2.5 Fighting
 + Level 2.5 Short Blades
 + Level 2.5 Long Blades
 + Level 2.5 Axes
 + Level 5.2 Maces & Flails
 + Level 10.7 Polearms
 + Level 2.5 Staves
 + Level 2.5 Slings
 + Level 2.5 Bows
 + Level 2.5 Crossbows
 + Level 2.5 Throwing
 + Level 5.2 Armour
 + Level 2.5 Dodging
 + Level 3.5 Stealth
 + Level 2.5 Shields
 + Level 2.5 Unarmed Combat
 + Level 2.5 Spellcasting
 + Level 2.0 Conjurations
 + Level 2.0 Hexes
 + Level 2.0 Summonings
 + Level 2.0 Necromancy
 + Level 2.0 Translocations
 + Level 2.0 Transmutations
 + Level 2.0 Fire Magic
 + Level 2.0 Ice Magic
 + Level 2.0 Air Magic
 + Level 2.0 Earth Magic
 + Level 2.0 Poison Magic
 + Level 2.8 Invocations
 + Level 2.5 Evocations


You had 11 spell levels left.
You didn't know any spells.
Your spell library was empty.

Inventory:

Hand Weapons
 a - a +3 vampiric spear (weapon) {polearm}
 b - a +0 mace {mace}
 h - a +4 whip {mace}
   (You took it off a kobold on level 1 of the Dungeon)
 u - a +2 dagger of venom {short}
   (You took it off a goblin on level 3 of the Dungeon)
Missiles
 i - 14 poisoned darts {throwing}
 k - 178 stones (quivered) {throwing}
 o - 2 boomerangs {throwing}
Armour
 c - a +1 ring mail
 n - a +0 buckler (worn)
   (You found it on level 2 of the Dungeon)
 A - a +0 cloak (melded)
   (You found it on level 4 of the Dungeon)
 B - a +0 plate armour (melded)
   (You found it on level 4 of the Dungeon)
Magical Staves
 f - a staff of conjuration {!a@e2staff}
   (You found it on level 1 of the Dungeon)
 s - a staff of fire {!astaff}
   (You found it on level 2 of the Dungeon)
Jewellery
 y - a ring of flight
   (You found it on level 4 of the Dungeon)
Wands
 w - a wand of charming (6)
   (You found it on level 4 of the Dungeon)
 x - a wand of flame (16)
   (You found it on level 4 of the Dungeon)
Scrolls
 d - a scroll of blinking {!r}
 e - a scroll of fog
 j - a scroll of enchant armour
 l - 4 scrolls of poison {!r}
 r - 2 scrolls of magic mapping {!r}
 v - 4 scrolls of teleportation {@r4}
Potions
 p - a potion of attraction {!q}

Dungeon Overview and Level Annotations

Branches:
Dungeon (5/15)
 Temple: D:4-7

Altars:

#### ...... ..... .#
.. ....... ..# #.
#..##..
#.##.##..###'######
.................#
............{...#
#.........♣....#
#..............#
#.........##..##∆
#.<#########..##
##..##.##..##...#
#...+.......<...#
#...#...........#
#...#..........##
######.###.##..##..#


There were no monsters in sight!


Message History

😨 HP[-5]
You take 5 damage, and now have 14/51 hp.
Unknown command.
You feel better.
The vampire hits you but does no damage.
The vampire bites you!
* * * LOW HITPOINT WARNING * * *
The vampire draws strength from your injuries!
Really quaff
m - a potion of berserk rage {!q}?
A red film seems to cover your vision as you go berserk!
You feel yourself moving faster!
You feel mighty! The vampire completely misses you.
The vampire barely misses you. 😨 HP[+7]
You now have 76 max hp (+25).
You regained 7 hp, and now have 21/76 hp.
You hit the vampire. You hit the vampire. You hit the vampire.
The vampire hits you but does no damage.
You block the vampire's attack.
You closely miss the vampire. You hit the vampire. The vampire hits you!
* * * LOW HITPOINT WARNING * * *
The vampire barely misses you. 😱 HP[-7]
You take 7 damage, and now have 14/76 hp.
You puncture the vampire!
You hear the slow hiss of a very distant avalanche of sand.
Unknown command.
You hit the vampire.
The vampire gestures at you while chanting.
You are confused.
Unknown command.
Unknown command. 😱 HP[+1] Unknown command.
Unknown command.
You're too confused to move!
You feel a strong urge to attack something.
The vampire draws life force from you!
* * * LOW HITPOINT WARNING * * *
The vampire is healed by the life force! 😱 HP[-12]
You take 12 damage, and now have 3/76 hp.
Unknown command.
Unknown command.
Unknown command.
Unknown command.
You feel your anger nearly subside.
You are no longer berserk.
You are exhausted.
You feel yourself slow down. 😱 HP[-1]
You now have 51 max hp (-25).
Unknown command.
Unknown command.
Unknown command.
Okay, then.
You are too confused!
It was a potion of heal wounds.
You feel much better.
The vampire hits you but does no damage.
The vampire bites you!
* * * LOW HITPOINT WARNING * * *
The vampire draws strength from your injuries!
The vampire hits you.
* * * LOW HITPOINT WARNING * * *
The vampire bites you.
* * * LOW HITPOINT WARNING * * *
The vampire draws strength from your injuries!
It was a potion of degeneration.
There was something very wrong with that liquid.
You feel weakened.
You feel dopey.
You feel clumsy.
You feel less confused.
The vampire hits you but does no damage.
The vampire bites you but does no damage.
It was a potion of lignification.
You turn into a tree.
Your +0 cloak melds into your body.
Your +0 plate armour melds into your body.
Your roots penetrate the ground.
The vampire points at you and mumbles some strange words.
You resist with significant effort.
The vampire mumbles some strange words.
The vampire flickers and vanishes!
Deactivating autopickup; reactivate with Ctrl-A. 😱 HP[+2]
You now have 76 max hp (+25).
You regained 2 hp, and now have 4/76 hp.
It was a potion of attraction.
You feel attractive to monsters. Something hits you but does no damage.
Something bites you but does no damage.
Unknown command.
You cannot move.
You cannot move.
You barely miss something.
You hear some strange, mumbled words.
You are confused. 😱 HP[+1] Unknown command.
Unknown command.
You swing at nothing.
Something hits you!
You die...

Skill      XL: |  1  2  3  4  5  6  7 |
---------------+----------------------+-----
Polearms       | | 10.7
Invocations    | 1 2 |  2.8
Fighting       | 1 2 |  2.5
Short Blades   | 1 2 |  2.5
Long Blades    | 1 2 |  2.5
Axes           | 1 2 |  2.5
Staves         | 1 2 |  2.5
Slings         | 1 2 |  2.5
Bows           | 1 2 |  2.5
Crossbows      | 1 2 |  2.5
Throwing       | 1 2 |  2.5
Dodging        | 1 2 |  2.5
Shields        | 1 2 |  2.5
Unarmed Combat | 1 2 |  2.5
Spellcasting   | 1 2 |  2.5
Evocations     | 1 2 |  2.5
Conjurations   | 1 2 |  2.0
Hexes          | 1 2 |  2.0
Summonings     | 1 2 |  2.0
Necromancy     | 1 2 |  2.0
Translocations | 1 2 |  2.0
Transmutations | 1 2 |  2.0
Fire Magic     | 1 2 |  2.0
Ice Magic      | 1 2 |  2.0
Air Magic      | 1 2 |  2.0
Earth Magic    | 1 2 |  2.0
Poison Magic   | 1 2 |  2.0
Stealth        | 3 |  3.5
Maces & Flails | 5 |  5.2
Armour         | 5 |  5.2

Action                   |  1- 3 |  4- 6 |  7- 9 || total
-------------------------+-------+-------+-------++-------
Melee: Spear             |   102 |   236 |    82 ||   420
       Bite              |     6 |    11 |     6 ||    23
       Punch             |     1 |       |       ||     1
Evoke: Wand              |       |     1 |       ||     1
  Use: Scroll            |     4 |    10 |     1 ||    15
       Potion            |       |       |     7 ||     7
 Stab: Sleeping          |     1 |     1 |       ||     2
Armor: Ring mail         |    14 |    34 |     2 ||    50
       Plate armour      |       |       |    34 ||    34
       Skin              |       |       |     2 ||     2
Dodge: Dodged            |    24 |    44 |    10 ||    78
Block: Buckler           |     3 |    19 |     9 ||    31

Levels and vault maps discovered:
D:1:      matt_arrival_grand_opening, layout_basic
D:2:      layout_basic, hellmonk_ecumenical_altar_slurped_away
D:3:      layout_loops_ring, gup_sewer_entry_spiral
D:4:      minmay_razor_zed, layout_basic, kennysheep_generic_room_3
D:5:      layout_gridville, nicolae_ossuary_entry_catacombs,
          grunt_decor_one_mirror, minmay_fractal_squares_diagonal_5

Notes
Turn   | Place    | Note
-------+----------+-------------------------------------------
     0 | D:1      | Reached skill level 10 in Polearms
     0 | D:1      | spaghetti the Gnoll Wanderer began the quest for the Orb.
     0 | D:1      | spaghetti set off with the following items: a +2 spear
                  | {polearm}, a +0 mace {mace}, a +0 ring mail, a scroll of
                  | blinking {!r}
     0 | D:1      | Reached XP level 1. HP: 13/13 MP: 1/1
     0 | D:1      | magus.rc [v1.9.6]
   172 | D:1      | Reached XP level 2. HP: 15/19 MP: 2/2
   894 | D:2      | Reached XP level 3. HP: 25/25 MP: 3/3
  1065 | D:2      | Found a faded altar of an unknown god.
  1149 | D:2      | Reached skill level 1 in Invocations
  1712 | D:3      | Reached skill level 1 in Fighting
  1712 | D:3      | Reached skill level 1 in Short Blades
  1712 | D:3      | Reached skill level 1 in Long Blades
  1712 | D:3      | Reached skill level 1 in Axes
  1712 | D:3      | Reached skill level 1 in Staves
  1712 | D:3      | Reached skill level 1 in Slings
  1712 | D:3      | Reached skill level 1 in Bows
  1712 | D:3      | Reached skill level 1 in Crossbows
  1712 | D:3      | Reached skill level 1 in Throwing
  1712 | D:3      | Reached skill level 1 in Dodging
  1712 | D:3      | Reached skill level 1 in Shields
  1712 | D:3      | Reached skill level 1 in Unarmed Combat
  1712 | D:3      | Reached skill level 1 in Spellcasting
  1712 | D:3      | Reached skill level 1 in Evocations
  1714 | D:3      | Reached XP level 4. HP: 32/32 MP: 5/5
  2169 | D:3      | Reached skill level 1 in Conjurations
  2169 | D:3      | Reached skill level 1 in Hexes
  2169 | D:3      | Reached skill level 1 in Summonings
  2169 | D:3      | Reached skill level 1 in Necromancy
  2169 | D:3      | Reached skill level 1 in Translocations
  2169 | D:3      | Reached skill level 1 in Transmutations
  2169 | D:3      | Reached skill level 1 in Fire Magic
  2169 | D:3      | Reached skill level 1 in Ice Magic
  2169 | D:3      | Reached skill level 1 in Air Magic
  2169 | D:3      | Reached skill level 1 in Earth Magic
  2169 | D:3      | Reached skill level 1 in Poison Magic
  2754 | D:3      | Reached XP level 5. HP: 37/37 MP: 5/7
  3200 | D:4      | Noticed a phantom
  3223 | D:4      | Killed a phantom
  3224 | D:4      | Reached skill level 2 in Invocations
  3224 | D:4      | Reached XP level 6. HP: 33/44 MP: 8/8
  3292 | D:4      | Reached skill level 3 in Stealth
  3541 | D:4      | Reached skill level 2 in Fighting
  3541 | D:4      | Reached skill level 2 in Short Blades
  3541 | D:4      | Reached skill level 2 in Long Blades
  3541 | D:4      | Reached skill level 2 in Axes
  3541 | D:4      | Reached skill level 5 in Maces & Flails
  3541 | D:4      | Reached skill level 2 in Staves
  3541 | D:4      | Reached skill level 2 in Slings
  3541 | D:4      | Reached skill level 2 in Bows
  3541 | D:4      | Reached skill level 2 in Crossbows
  3541 | D:4      | Reached skill level 2 in Throwing
  3541 | D:4      | Reached skill level 5 in Armour
  3541 | D:4      | Reached skill level 2 in Dodging
  3541 | D:4      | Reached skill level 2 in Shields
  3541 | D:4      | Reached skill level 2 in Unarmed Combat
  3541 | D:4      | Reached skill level 2 in Spellcasting
  3541 | D:4      | Reached skill level 2 in Evocations
  4252 | D:4      | Reached XP level 7. HP: 42/50 MP: 10/10
  4677 | D:5      | Entered Level 5 of the Dungeon
  4700 | D:5      | Reached skill level 2 in Conjurations
  4700 | D:5      | Reached skill level 2 in Hexes
  4700 | D:5      | Reached skill level 2 in Summonings
  4700 | D:5      | Reached skill level 2 in Necromancy
  4700 | D:5      | Reached skill level 2 in Translocations
  4700 | D:5      | Reached skill level 2 in Transmutations
  4700 | D:5      | Reached skill level 2 in Fire Magic
  4700 | D:5      | Reached skill level 2 in Ice Magic
  4700 | D:5      | Reached skill level 2 in Air Magic
  4700 | D:5      | Reached skill level 2 in Earth Magic
  4700 | D:5      | Reached skill level 2 in Poison Magic
  4775 | D:5      | Noticed a vampire
  4802 | D:5      | HP: 14/76 [vampire (7)]
  4806 | D:5      | HP: 3/76 [vampire/vampiric draining (12)]
  4814 | D:5      | Slain by a vampire

Vanquished Creatures
  2 ogres (D:4)
  2 phantoms (D:4)
  A scorpion (D:5)
  A jelly (D:4)
  An orc priest (D:4)
  An orc wizard (D:5)
  3 gnolls (D:3)
  A river rat (D:3)
  5 adders
  2 ufetubi (D:4)
  3 worms (D:3)
  12 orcs
  5 endoplasms
  8 giant cockroaches
  8 goblins
  6 hobgoblins
  2 jackals (D:2)
  7 quokkas
  5 ball pythons
  5 bats
  3 frilled lizards
  5 kobolds
  8 rats
96 creatures vanquished.

Table legend:
 A = Non-vault XP
 B = Vault XP
 C = Vault XP percentage of total XP
 D = Non-vault monster count
 E = Vault monster count
 F = Vault count percentage of total count
                 A         B        C        D         E       F
            +---------+---------+-------+---------+---------+-------
      Total |     469 |     455 |  49.2 |      71 |      25 |  26.0
            +---------+---------+-------+---------+---------+-------
        D:1 |      29 |       0 |   0.0 |      19 |       0 |   0.0
        D:2 |      36 |       2 |   5.3 |      16 |       1 |   5.9
        D:3 |      83 |      46 |  35.7 |      17 |       8 |  32.0
        D:4 |     181 |     407 |  69.2 |      13 |      16 |  55.2
        D:5 |     140 |       0 |   0.0 |       6 |       0 |   0.0
            +---------+---------+-------+---------+---------+-------

Illustrated notes

Table legend:
 A = Kills in this place as a percentage of kills in entire the game.
 B = Kills by you in this place as a percentage of kills by you in the entire game.
 C = Kills by friends in this place as a percentage of kills by friends in the entire game.
 D = Other kills in this place as a percentage of other kills in the entire game.
 E = Experience gained in this place as a percentage of experience gained in the entire game.
 F = Experience gained in this place divided by the number of levels of this place that you have seen.
                   A       B       C       D       E      F
               +-------+-------+-------+-------+-------+----------------------
         Total | 100.0 | 100.0 |   N/A |   N/A | 100.0 | 184.8
       Dungeon | 100.0 | 100.0 |   N/A |   N/A | 100.0 | 184.8
               +-------+-------+-------+-------+-------+----------------------

Table legend: (Time is in decaauts)
 A = Elapsed time spent in this place.
 B = Non-inter-level travel time spent in this place.
 C = Inter-level travel time spent in this place.
 D = Time resting spent in this place.
 E = Time spent auto-exploring this place.
 F = Levels seen in this place.
 G = Mean time per level.
                   A        B        C        D        E       F      G
               +--------+--------+--------+--------+--------+-----+--------+
         Total |   4688 |   4562 |    126 |    103 |   3823 |   5 |  937.6 |
       Dungeon |   4688 |   4562 |    126 |    103 |   3823 |   5 |  937.6 |
               +--------+--------+--------+--------+--------+-----+--------+

Top non-repeatable levels by time:
     D:4: 1492 daAuts
     D:3: 1420 daAuts
     D:1: 866 daAuts
     D:2: 797 daAuts
     D:5: 110 daAuts
